 Dungeon Crawl Stone Soup version 0.32-a0-468-g38b2580584 (webtiles) character file.

Game seed: 10692358661565268233

5 Bravepunisher the Ducker (level 1, -2/11 HPs)
             Began as a Spriggan Monk on Feb 24, 2024.
             Killed from afar by Blork the orc (7 damage)
             ... with a magic dart
             ... on level 4 of the Dungeon.
             The game lasted 00:01:35 (461 turns).

Bravepunisher the Ducker (Spriggan Monk)             Turns: 461, Time: 00:01:36

Health: -2/11      AC:  2    Str:  7    XL:     1   Next: 66%
Magic:  2/2        EV: 19    Int: 11    God:
Gold:   45         SH:  0    Dex: 17    Spells: 0/0 levels left

rFire   . . .        a - +0 short sword
rCold   . . .        (no shield)
rNeg    . . .        b - +0 robe
rPois   .            (helmet restricted)
rElec   .            (no cloak)
rCorr   .            (gloves unavailable)
SInv    +            (boots unavailable)
Will    .....        (no amulet)
Stlth   ++           (no ring)
HPRegen 0.21/turn    (no ring)
MPRegen 0.08/turn

%: no passive effects
@: very quick
A: very small, no large weapons, unfitting armour, see invisible, speed 3
a: no special abilities


You were on level 4 of the Dungeon.
You visited 1 branch of the dungeon, and saw 4 of its levels.

You collected 45 gold pieces.

Inventory:

Hand Weapons
 a - a +0 short sword (weapon)
Armour
 b - a +0 robe (worn)
Scrolls
 d - a scroll of identify {unknown}
Potions
 c - a potion of ambrosia
 e - 3 potions of curing {unknown}
 f - a potion of brilliance {unknown}


   Skills:
 + Level 2.5 Fighting
 - Level 3.2 Short Blades
 * Level 4.3 Dodging


You couldn't memorise any spells.
You didn't know any spells.
Your spell library contained the following spells:

 Spells                   Type           Power      Damage    Failure   Level
 Static Discharge         Conj/Air       0%         3-3/arc   47%         2
 Airstrike                Air            0%         2d(0-16)  98%         4
 Summon Lightning Spire   Summ/Air       0%         N/A       98%         4


Dungeon Overview and Level Annotations

Branches:
Dungeon (4/15)
 Temple: D:4-7

Altars:

Annotations:
D:4 Blork the orc


Innate Abilities, Weirdness & Mutations

You are very small and have problems with some larger weapons.
You are too small for most types of armour.
You have supernaturally acute eyesight. (SInv)
You cover ground extremely quickly. (Speed+++)


Message History

Blork the orc points at you and mumbles some strange words.
The magic dart hits you.
Blork the orc miscasts a cantrip.
Blork the orc casts a spell.
Blork the orc seems to speed up.
Blork the orc casts a cantrip, but nothing happens.
Blork the orc looks encouraged for a moment.
Found a scroll labelled GOROOSO DETOV.
Found a scroll labelled GOROOSO DETOV, a twisted whip and a sling.
Found a scroll labelled GOROOSO DETOV.
The goblin shouts! x2; The adder hisses angrily. x2
A goblin breaks down the door.
Unknown command.
Found 17 gold pieces.
A goblin comes into view. It is wielding a +0 club.
The goblin shouts!
The hound barks!
A gnoll comes into view. It is wielding a +0 flail.
The goblin completely misses you.
A gnoll comes into view. It is wielding a +0 flail.
The gnoll shouts!
You hit the goblin.
You kill the goblin!
You hear a bark!
Found a scroll labelled XELAWK KIGH.
You see here a +0 club.
A gnoll comes into view. It is wielding a +0 whip.
Found a scroll labelled NEVUEN WULL.
Found a stone staircase leading up.
A hound comes into view.
There is a stone staircase leading up here.
The hound closely misses you.
Found a scroll labelled JICWESCH ZUTA.
The hound completely misses you. The hound attacks as it pursues you!
The hound bites you. The hound attacks as it pursues you! The hound misses you.
The hound bites you. The hound closely misses you.
Blork the orc casts a spell at you. The magic dart hits you!
Ouch! That really hurt!
You die...

#.............
##............ #
###...(.......
..####.....O....
#....##.########
#..#..#.O### ..###......#
###.##?##..O##...#
##.@..#.'?...## ##.
##..#.##.##.#?.##
#..####S..####..# ##
#o##SSgh)...)##g# #.##
#h.####...####..#
##...###
#...#.##.##.#..##
#......###......#.#....##
#..?....##g.#.##$##)###
#.........##.g###..#


You could see Blork the orc (fast), 2 hounds, a gnoll, 3 adders and a goblin.

Vanquished Creatures
  A ball python (D:1)
  An endoplasm (D:1)
  A goblin (D:4)
  A bat (D:1)
  A rat (D:1)
5 creatures vanquished.

Notes
Turn   | Place    | Note
-------+----------+-------------------------------------------
     0 | D:1      | Bravepunisher the Spriggan Monk began the quest for the
                  | Orb.
     0 | D:1      | Reached XP level 1. HP: 11/11 MP: 2/2
   337 | D:3      | Noticed an orc wizard
   390 | D:4      | Noticed Blork the orc
   393 | D:4      | Noticed an ogre
   419 | D:4      | Noticed a hound
   440 | D:4      | Noticed a hound
   461 | D:4      | Killed from afar by Blork the orc

Illustrated notes

Levels and vault maps discovered:
D:1:      elethiomel_arrival_maze, layout_basic
D:2:      minmay_general_purpose_star, layout_basic, basic_altar,
          chequers_ecumenical_altar_grove, dreamdust_wishing_well,
          minmay_domino_2, uniq_crazy_yiuf_cottage
D:3:      layout_loops_ring, nicolae_overflow_crystal_walls, dk_noncrumbling_2,
          hangedman_decor_riveting
D:4:      layout_cave_pods, tso_altar, nicolae_wu_jian_wuxing_cycle,
          marbit_many_paths, minmay_fractal_squares_gapless_5,
          uniq_blork_the_orc, uniq_ijyb

Action                     || total
---------------------------++-------
  Melee: Short sword       ||    12
 Armour: Robe              ||     5
  Dodge: Dodged            ||    14

Table legend: (Time is in decaauts)
 A = Elapsed time spent in this place.
 B = Non-inter-level travel time spent in this place.
 C = Inter-level travel time spent in this place.
 D = Time resting spent in this place.
 E = Time spent auto-exploring this place.
 F = Levels seen in this place.
 G = Mean time per level.
                   A        B        C        D        E       F      G
               +--------+--------+--------+--------+--------+-----+--------+
         Total |    308 |    308 |      0 |      0 |    174 |   4 |   77.0 |
       Dungeon |    308 |    308 |      0 |      0 |    174 |   4 |   77.0 |
               +--------+--------+--------+--------+--------+-----+--------+

Top non-repeatable levels by time:
     D:1: 184 daAuts
     D:3: 56 daAuts
     D:4: 43 daAuts
     D:2: 24 daAuts
